 Dungeon Crawl Stone Soup version 0.30.0-11-gf55b779eaf (webtiles) character file.

Game seed: 16960871905270603400

1309 domi the Cleaver (level 8, 0/68 HPs)
             Began as a Hill Orc Monk on May 16, 2023.
             Was a Priest of Beogh.
             Succumbed to a hornet's poison
             ... on level 8 of the Dungeon.
             The game lasted 00:07:52 (7084 turns).

domi the Cleaver (Hill Orc Monk)                    Turns: 7084, Time: 00:07:52

Health: 0/68       AC:  5    Str: 16    XL:     8   Next: 58%
Magic:  8/8        EV: 12    Int: 10    God:    Beogh [***...]
Gold:   239        SH:  0    Dex: 13    Spells: 7/7 levels left

rFire   . . .        y - +2 hand axe (elec)
rCold   . . .        d - orb {light}
rNeg    + . .        G - +0 leather armour
rPois   .            (no helmet)
rElec   .            (no cloak)
rCorr   .            c - +1 pair of gloves {hurl}
SInv    .            (no boots)
Will    .....        (no amulet)
Stlth   +            j - ring of positive energy {rN+}
HPRegen 0.31/turn    (no ring)
MPRegen 0.11/turn

%: no passive effects
@: lethally poisoned (0 -> -9), hasted and slowed, glowing
A: no striking features
a: Renounce Religion, Smiting


You were on level 8 of the Dungeon.
You worshipped Beogh.
Beogh was most pleased with you.
You visited 1 branch of the dungeon, and saw 8 of its levels.

You collected 319 gold pieces.
You spent 80 gold pieces at shops.

Inventory:

Hand Weapons
 a - a +0 hand axe
 y - a +2 hand axe of electrocution (weapon)
   (You took it off an orc on level 4 of the Dungeon)
Missiles
 F - 9 javelins (quivered)
Armour
 b - a +0 robe
 c - a +1 pair of gloves of hurling (worn)
   (You found it on level 3 of the Dungeon)
 d - an orb of light (worn)
 w - a +0 cloak
   (You took it off Crazy Yiuf on level 5 of the Dungeon)
 G - a +0 leather armour (worn)
   (You took it off Duvessa on level 5 of the Dungeon)
Magical Staves
 D - a staff of poison {rPois}
   (You found it on level 5 of the Dungeon)
Jewellery
 j - a ring of positive energy (left hand) {rN+}
   (You found it on level 1 of the Dungeon)
Wands
 t - a wand of polymorph (5)
   (You found it on level 3 of the Dungeon)
Scrolls
 e - 3 scrolls of teleportation {unknown}
 f - 2 scrolls of enchant weapon {unknown}
 g - a scroll of silence {unknown}
 h - 5 scrolls of identify {unknown}
 k - 2 scrolls of noise {unknown}
 n - 2 scrolls of poison {unknown}
 o - a scroll of butterflies {unknown}
 q - 2 scrolls of vulnerability {unknown}
 r - 2 scrolls of blinking {unknown}
 v - 3 scrolls of enchant armour {unknown}
 E - 3 scrolls of immolation {unknown}
 H - a scroll of fear {unknown}
Potions
 i - a potion of invisibility {unknown}
 l - a potion of flight {unknown}
 m - a potion of degeneration {unknown}
 s - a potion of haste {@q3}
 u - 2 potions of lignification {unknown}
 x - a potion of might {unknown}
 z - a potion of brilliance {unknown}
 A - 2 potions of resistance {unknown}
 B - a potion of attraction {unknown}
 C - a potion of mutation {unknown}


   Skills:
 + Level 5.1 Fighting
 * Level 12.5 Axes
 + Level 2.9 Armour
 - Level 2.4 Dodging


You had 7 spell levels left.
You didn't know any spells.
Your spell library contained the following spells:

 Spells                   Type           Power      Damage    Failure   Level
 Foxfire                  Conj/Fire      0%         2x1d4     41%         1
 Slow                     Hex            0%         N/A       41%         1
 Cigotuvi's Dreadful Rot  Necr/Pois/Air  0%         N/A       56%         2
 Confusing Touch          Hex            0%         N/A       80%         3
 Vampiric Draining        Necr           0%         2d6       80%         3
 Dispel Undead            Necr           0%         3d6       99%         4
 Fireball                 Conj/Fire      0%         3d3       100%        5
 Death Channel            Necr           0%         N/A       100%        6
 Plasma Beam              Fire/Air       0%         2x1d11    100%        6
 Starburst                Conj/Fire      0%         6d3       100%        6


Dungeon Overview and Level Annotations

Branches:
Dungeon (8/15)             Temple (0/1) D:7
   Lair: D:8-11

Altars:
Gozag
Kikubaaqudgha
Nemelex Xobeh
Okawaru
Qazlal
Ru
Sif Muna
Trog
Vehumet
Wu Jian
Zin

Shops:
D:3 !

Annotations:
D:4 3 runed translucent doors, GigaChad's ghost, amateur FoFi


Message History

a book of Decay; a hound corpse Your orc hits the orc with a +0 dagger.
Things that are here:
a +0 hand axe; a +0 leather armour; an orc corpse You swap places.
The orc misses you.
You see here a javelin.
You barely miss the orc. The orc hits you but does no damage.
You slash the orc!
You kill the orc!
Beogh accepts your kill.
Things that are here:
a +0 dagger; an orc corpse You swap places.
F - 9 javelins (gained 1)
Things that are here:
a +0 hand axe; a +0 leather armour; an orc corpse You pick up a book of Decay and begin reading...
You add the spells Cigotuvi's Dreadful Rot, Dispel Undead and Death Channel to your library.
You see here a hound corpse.
You swap places.
Things that are here:
a +0 hand axe; a +0 leather armour; an orc corpse
There is an escape hatch in the ceiling here.
You swap places.
You swap places.
There is an escape hatch in the ceiling here.
Things that are here:
a +0 hand axe; a +0 leather armour; an orc corpse You see here a +0 scale mail.
H - a scroll labelled AROULIRITE You swap places.
You swap places.
There is a stone staircase leading up here.
There is an open door here.
Done exploring.
Done exploring.
Done exploring.
Done exploring.
Done exploring.
Done exploring.
Done exploring.
Done exploring.
Done exploring.
Done exploring.
There is a stone staircase leading down here.
You climb downwards.
Found a metallic white potion.
Found three altars.
There is a stone staircase leading up here.
You swap places.
A - 2 metallic white potions (gained 1)
A hornet comes into view.
The hornet buzzes angrily.
A hornet is nearby!
A hornet is nearby!
A hornet is nearby!
The hornet stings you!
You are poisoned.
You feel yourself slow down.
You hit the hornet but do no damage.
You feel very sick. The hornet barely misses you.
Your orc barely misses the hornet.
You barely miss the hornet.
You feel sick. The hornet stings you.
You feel as though you will be slow longer.
You slash the hornet!
You feel sick. The hornet stings you.
You feel as though you will be slow longer.
Your orc barely misses the hornet.
The hornet stings you!
You suddenly lose the ability to move!
You feel sick.
Your orc barely misses the hornet.
The hornet stings you!
* * * LOW HITPOINT WARNING * * *
You feel as though you will be slow longer.
You feel sick. The hornet stings you!
* * * LOW HITPOINT WARNING * * *
You shrug off the repeated paralysis!
Your orc completely misses the hornet.
The hornet stings you.
* * * LOW HITPOINT WARNING * * *
You shrug off the repeated paralysis!
You can move again.
You feel much better.
You feel sick. The hornet stings you!
* * * LOW HITPOINT WARNING * * *
You feel as though you will be slow longer.
Your orc hits the hornet with a +0 dagger.
The hornet closely misses you.
Your orc misses the hornet.
You feel yourself speed up.
You feel sick.
You are no longer poisoned.
The hornet stings you!
* * * LOW HITPOINT WARNING * * *
You feel as though you will be slow longer.
The hornet stings you but does no damage.
Your orc barely misses the hornet.
The hornet misses you.
You hit the hornet.
Your orc hits the hornet but does no damage.
The hornet barely misses you.
You closely miss the hornet.
Your orc hits the hornet but does no damage.
The hornet stings you.
* * * LOW HITPOINT WARNING * * *
You are lethally poisoned!
You feel as though you will be slow longer.
You closely miss the hornet.
You die...

## #### ### #.###
#.. ..# #<.# #.#
#.# #.
##.###.#####.#
#.##........##.#
##.....#.##.##.#
#..._....#...#y#
#.#..8_.#....oo@#
#.
#.._..###...### #
#.....# ###.#
####### #.# #.#
#.# ... #.#


You could see a hornet (ally target) and 2 friendly orcs.

Vanquished Creatures
  Duvessa (D:5)
  A black bear (D:5)
  A bullfrog (D:7)
  3 wights (D:7)
  Dowan (D:5)
  2 killer bees
  2 hounds
  2 jellies
  2 orc priests (D:4)
  Crazy Yiuf (D:5)
  2 sleepcaps
  10 orc wizards
  4 gnolls (D:3)
  6 adders
  A white imp (D:6)
  2 ufetubi
  2 worms
  6 dart slugs
  19 orcs
  10 ball pythons
  13 bats
  7 endoplasms
  3 giant cockroaches
  7 goblins
  9 hobgoblins
  4 jackals (D:4)
  8 kobolds
  2 quokkas
  8 frilled lizards
  12 rats
151 creatures vanquished.

Vanquished Creatures (others)
  Jessica (D:3)
  2 orcs (D:3)
3 creatures vanquished.

Grand Total: 154 creatures vanquished

Notes
Turn   | Place    | Note
-------+----------+-------------------------------------------
     0 | D:1      | domi the Hill Orc Monk began the quest for the Orb.
     0 | D:1      | Reached XP level 1. HP: 19/19 MP: 1/1
    64 | D:1      | Reached XP level 2. HP: 15/26 MP: 2/2
    79 | D:1      | Reached skill level 5 in Axes
    83 | D:1      | Found a faded altar of an unknown god.
   294 | D:1      | Reached XP level 3. HP: 15/31 MP: 3/3
  1154 | D:2      | Reached skill level 6 in Axes
  1354 | D:2      | Reached XP level 4. HP: 36/39 MP: 4/4
  1936 | D:3      | Reached skill level 7 in Axes
  2005 | D:3      | Reached XP level 5. HP: 28/45 MP: 5/5
  2010 | D:3      | HP: 11/45 [gnoll/+0 flail (12)]
  2011 | D:3      | HP: 3/45 [gnoll/+0 flail (8)]
  2016 | D:3      | HP: 11/45 [gnoll/+0 flail (7)]
  2023 | D:3      | HP: 10/45 [gnoll/+0 club (7)]
  2593 | D:3      | Found Fovved's Distillery.
  2602 | D:3      | Bought a potion of curing for 30 gold pieces
  2602 | D:3      | Bought a potion of heal wounds for 50 gold pieces
  2712 | D:3      | Noticed Jessica
  2713 | D:3      | Became a worshipper of Beogh the Brigand
  2713 | D:3      | Reached * piety under Beogh
  2713 | D:3      | Reached ** piety under Beogh
  2720 | D:3      | Killed Jessica
  3119 | D:3      | Reached skill level 8 in Axes
  3667 | D:4      | Reached XP level 6. HP: 50/51 MP: 6/6
  3809 | D:4      | Found a runed translucent gate.
  3809 | D:4      | Found a runed translucent gate.
  3809 | D:4      | Found a runed translucent gate.
  3812 | D:4      | Noticed GigaChad's ghost (amateur FoFi)
  3879 | D:4      | Reached skill level 9 in Axes
  3902 | D:4      | Found a sacrificial altar of Ru.
  3921 | D:4      | Found a bloodstained altar of Trog.
  4130 | D:4      | Found a radiant altar of Vehumet.
  4169 | D:4      | Found an ancient bone altar of Kikubaaqudgha.
  4184 | D:4      | Found a shimmering blue altar of Sif Muna.
  4460 | D:4      | Reached skill level 10 in Axes
  4460 | D:4      | Reached XP level 7. HP: 43/57 MP: 7/7
  4688 | D:5      | Entered Level 5 of the Dungeon
  4710 | D:5      | Found an ornate altar of the Wu Jian Council.
  4809 | D:5      | Noticed Dowan
  4810 | D:5      | Noticed Duvessa
  4821 | D:5      | Killed Duvessa
  4822 | D:5      | Killed Dowan
  4823 | D:5      | Reached skill level 11 in Axes
  5258 | D:5      | Reached skill level 1 in Armour
  5261 | D:5      | Reached skill level 4 in Fighting
  5261 | D:5      | Reached XP level 8. HP: 46/66 MP: 8/8
  5798 | D:5      | Found a runed translucent door.
  5799 | D:5      | Noticed Crazy Yiuf
  6028 | D:5      | Killed Crazy Yiuf
  6033 | D:5      | Identified the +11 hammer "Ewkarux" {flame, *Rage rElec
                  | SInv}
  6148 | D:6      | Reached skill level 12 in Axes
  6149 | D:6      | Noticed a shadow
  6159 | D:7      | HP: 16/67 [killer bee (8)]
  6164 | D:7      | Reached skill level 2 in Armour
  6465 | D:7      | Found a stormy altar of Qazlal.
  6484 | D:7      | Found an opulent altar of Gozag.
  6603 | D:7      | Reached skill level 5 in Fighting
  6696 | D:7      | Reached *** piety under Beogh
  6718 | D:7      | Found a staircase to the Ecumenical Temple.
  7058 | D:8      | Found a sparkling altar of Nemelex Xobeh.
  7058 | D:8      | Found an iron altar of Okawaru.
  7058 | D:8      | Found a glowing silver altar of Zin.
  7073 | D:8      | Noticed a hornet
  7077 | D:8      | Paralysed by a hornet for 3 turns
  7079 | D:8      | HP: 7/68 [hornet (12)]
  7079 | D:8      | HP: 3/68 [hornet (4)]
  7084 | D:8      | Succumbed to a hornet's poison

Illustrated notes

Levels and vault maps discovered:
D:1:      erik_arrival_triangle_large, layout_basic,
          chequers_ecumenical_altar_simple_redux
D:2:      minmay_recursive_quarters, layout_basic
D:3:      layout_basic, serial_shops, nicolae_square_shop, kennysheep_donut,
          minmay_surrounded, uniq_jessica
D:4:      layout_basic, palyth_temple_overflow_mages, trog_three_pillars_becter,
          nicolae_ru_great_annihilating_truth, gammafunk_ghost_nasty_kobolds
D:5:      layout_layer_cave, nzn_wu_jian_council_hall,
          minmay_misc_feat_enclosed, minmay_a_box_with_orc_wizards_in_it,
          uniq_crazy_yiuf_cottage, uniq_duvessa
D:6:      layout_basic, minmay_manual_macuahuitl
D:7:      layout_rooms, mainiacjoe_overflow_swirl,
          minmay_temple_entry_sparse_star, serial_bayou_pond_a
D:8:      layout_loops_cross, chequers_temple_overflow_statue_of_worship,
          lemuel_coloured_pillars_altar, nicolae_ashenzari_skybound,
          kennysheep_little_box, eino_jars

Skill      XL: |  1  2  3  4  5  6  7  8 |
---------------+-------------------------+-----
Axes           | 5 6 7 8 10 11 12 | 12.5
Armour         | 1 2 |  2.9
Fighting       | 4 5 |  5.1
Dodging        | |  2.4

Action                     |  1- 3 |  4- 6 |  7- 9 || total
---------------------------+-------+-------+-------++-------
  Melee: Hand axe          |   119 |   196 |    97 ||   412
  Throw: Javelin           |       |       |     1 ||     1
 Invoke: Convert to Beogh  |       |     1 |       ||     1
    Use: Potion            |       |     3 |     8 ||    11
   Stab: Invisible         |       |     2 |       ||     2
 Armour: Robe              |    27 |    29 |     2 ||    58
         Leather armour    |       |       |    11 ||    11
  Dodge: Dodged            |    82 |   103 |    61 ||   246

Levels and vault maps discovered:
D:1:      erik_arrival_triangle_large, layout_basic,
          chequers_ecumenical_altar_simple_redux
D:2:      minmay_recursive_quarters, layout_basic
D:3:      layout_basic, serial_shops, nicolae_square_shop, kennysheep_donut,
          minmay_surrounded, uniq_jessica
D:4:      layout_basic, palyth_temple_overflow_mages, trog_three_pillars_becter,
          nicolae_ru_great_annihilating_truth, gammafunk_ghost_nasty_kobolds
D:5:      layout_layer_cave, nzn_wu_jian_council_hall,
          minmay_misc_feat_enclosed, minmay_a_box_with_orc_wizards_in_it,
          uniq_crazy_yiuf_cottage, uniq_duvessa
D:6:      layout_basic, minmay_manual_macuahuitl
D:7:      layout_rooms, mainiacjoe_overflow_swirl,
          minmay_temple_entry_sparse_star, serial_bayou_pond_a
D:8:      layout_loops_cross, chequers_temple_overflow_statue_of_worship,
          lemuel_coloured_pillars_altar, nicolae_ashenzari_skybound,
          kennysheep_little_box, eino_jars

Table legend: (Time is in decaauts)
 A = Elapsed time spent in this place.
 B = Non-inter-level travel time spent in this place.
 C = Inter-level travel time spent in this place.
 D = Time resting spent in this place.
 E = Time spent auto-exploring this place.
 F = Levels seen in this place.
 G = Mean time per level.
                   A        B        C        D        E       F      G
               +--------+--------+--------+--------+--------+-----+--------+
         Total |   7033 |   6855 |    178 |    928 |   5046 |   8 |  879.1 |
       Dungeon |   7033 |   6855 |    178 |    928 |   5046 |   8 |  879.1 |
               +--------+--------+--------+--------+--------+-----+--------+

Top non-repeatable levels by time:
     D:3: 1601 daAuts
     D:5: 1424 daAuts
     D:4: 1193 daAuts
     D:1: 1004 daAuts
     D:7: 872 daAuts
     D:2: 870 daAuts
     D:6: 40 daAuts
     D:8: 26 daAuts

Table legend:
 A = Kills in this place as a percentage of kills in the entire game.
 B = Kills by you in this place as a percentage of kills by you in the entire game.
 C = Kills by friends in this place as a percentage of kills by friends in the entire game.
 D = Other kills in this place as a percentage of other kills in the entire game.
 E = Experience gained in this place as a percentage of experience gained in the entire game.
 F = Experience gained in this place divided by the number of levels of this place that you have seen.
                   A       B       C       D       E      F
               +-------+-------+-------+-------+-------+----------------------
         Total | 100.0 | 100.0 |   N/A |   N/A | 100.0 | 233.9
       Dungeon | 100.0 | 100.0 |   N/A |   N/A | 100.0 | 233.9
               +-------+-------+-------+-------+-------+----------------------
